 Dungeon Crawl Stone Soup version 0.32-a0-329-ge6c31236d6 (webtiles) character file.

Game seed: 5460052436002107321

15120 Bravepunisher the Myrmidon (level 11, -29/60 HPs)
             Began as a Spriggan Monk on Feb 17, 2024.
             Was an Elder of Okawaru.
             Annihilated by a very large slime creature (55 damage)
             ... on level 12 of the Dungeon.
             The game lasted 00:49:24 (12597 turns).

Bravepunisher the Myrmidon (Spriggan Monk)         Turns: 12597, Time: 00:49:25

Health: -29/60     AC: 14    Str:  7    XL:     11   Next: 97%
Magic:  23/23      EV: 16    Int: 12    God:    Okawaru [****..]
Gold:   50         SH:  0    Dex: 34    Spells: 10/10 levels left

rFire   x . .        r - +3 scimitar (flame)
rCold   + + .        (no shield)
rNeg    . . .        G - +3 ice dragon scales
rPois   .            k - +0 hat
rElec   .            (no cloak)
rCorr   .            (gloves unavailable)
SInv    +            (boots unavailable)
Will    +....        E - amulet of regeneration
Stlth   +            w - +6 ring of dexterity
HPRegen 1.10/turn    y - +6 ring of dexterity
MPRegen 0.18/turn

%: clarity
@: studying Armour, very quick
A: very small, no large weapons, unfitting armour, see invisible, speed 3,
clarity
a: Renounce Religion, Heroism, Finesse


You were on level 12 of the Dungeon.
You worshipped Okawaru.
Okawaru was greatly pleased with you.
You visited 3 branches of the dungeon, and saw 15 of its levels.

You collected 919 gold pieces.
You spent 869 gold pieces at shops.

Inventory:

Hand Weapons
 r - a +3 scimitar of flaming (weapon)
Armour
 k - a +0 hat (worn)
 F - +0 steam dragon scales
 G - +3 ice dragon scales (worn)
Jewellery
 l - a +6 ring of dexterity
 u - a ring of poison resistance
 w - a +6 ring of dexterity (left hand)
 y - a +6 ring of dexterity (right hand)
 E - an amulet of regeneration (around neck)
Scrolls
 a - a scroll of enchant weapon
 b - a scroll of poison
 g - a scroll of torment
 h - 2 scrolls of noise
 j - a scroll of butterflies
 m - a scroll of silence
 n - a scroll of amnesia {unknown}
 o - 3 scrolls of teleportation
 s - 2 scrolls of vulnerability
 x - 5 scrolls of blinking
Potions
 c - a potion of ambrosia
 d - a potion of brilliance
 e - 3 potions of lignification
 f - 3 potions of enlightenment
 i - 3 potions of might
 p - 4 potions of haste
 q - a potion of heal wounds
 z - 3 potions of mutation
 A - a potion of berserk rage
 C - a potion of cancellation
 D - a potion of curing


   Skills:
 + Level 8.2 Fighting
 - Level 3.2 Short Blades
 + Level 5.5 Armour
 + Level 7.8 Dodging
 * Level 15.4 Invocations


You had 10 spell levels left.
You didn't know any spells.
Your spell library contained the following spells:

 Spells                   Type           Power      Damage    Failure   Level
 Blink                    Tloc           0%         N/A       100%        2
 Lesser Beckoning         Tloc           0%         N/A       100%        2
 Momentum Strike          Conj/Tloc      0%         3d8       100%        2
 Dazzling Flash           Conj/Hex       0%         N/A       100%        3
 Volatile Blastmotes      Fire/Tloc      0%         2d10      100%        3
 Brom's Barrelling Bould  Conj/Erth      0%         2d3       100%        4
 Fireball                 Conj/Fire      0%         3d3       100%        5
 Iskenderun's Battlesphe  Conj           0%         2d6       100%        5
 Lee's Rapid Deconstruct  Erth           0%         3d4*      100%        5
 Conjure Ball Lightning   Conj/Air       0%         3x3d6     100%        6
 Starburst                Conj/Fire      0%         6d3       100%        6
 Orb of Destruction       Conj           0%         9d5       100%        7
 Maxwell's Capacitive Co  Air            0%         ∞         100%        8
 Animate Armour           Summ/Erth      Unusable   N/A       N/A         4
 Summon Lightning Spire   Summ/Air       Unusable   N/A       N/A         4

Dungeon Overview and Level Annotations

Branches:
Dungeon (12/15)            Temple (1/1) D:4            Lair (2/5) D:11
  Swamp: Lair:2-3    Shoals: Lair:2-3     Snake: Lair:2-3    Spider: Lair:2-3
    Orc: D:9-12

Altars:
Ashenzari
Cheibriados
Dithmenos
Elyvilon
Fedhas
Gozag
Hepliaklqana
Kikubaaqudgha
Makhleb
Nemelex Xobeh
Okawaru
Qazlal
Ru
Sif Muna
Trog
Uskayaw
Vehumet
Wu Jian
Xom
Yredelemnul
Zin
The Shining One

Shops:
D:1 [   D:5 :   D:6 !   D:10 [

Annotations:
D:11 Snorg
Temple 2 transporters


Innate Abilities, Weirdness & Mutations

You are very small and have problems with some larger weapons.
You are too small for most types of armour.
You have supernaturally acute eyesight. (SInv)
You cover ground extremely quickly. (Speed+++)
You possess an exceptional clarity of mind.


Message History

You slice the slime creature!! You burn the slime creature!
You kill the slime creature!
Okawaru accepts your kill.
A slime creature comes into view.
The five-headed hydra bites something! x3
The five-headed hydra bites something.
The five-headed hydra bites something!
You slash the slime creature! You burn the slime creature.
The slime creature is moderately wounded.
The slime creature barely misses you.
Unknown command.
You hit the slime creature. You burn the slime creature.
The slime creature is moderately wounded.
The slime creature hits you.
The slime creature hits the plant!!
The plant begins to die.
The slime creature completely misses you.
You slash the slime creature! You burn the slime creature.
The slime creature is heavily wounded.
The slime creature hits you.
You hit the slime creature. You burn the slime creature.
The slime creature is heavily wounded.
The slime creature closely misses you.
You slash the slime creature! You burn the slime creature.
The slime creature is severely wounded.
Two slime creatures merge to form a large slime creature.
Two slime creatures merge to form a very large slime creature.
You hit the very large slime creature. You burn the very large slime creature.
The very large slime creature is moderately wounded.
A nearby plant withers and dies.
You slash the very large slime creature!
You burn the very large slime creature.
The very large slime creature is moderately wounded.
The very large slime creature hits you!!
Ouch! That really hurt!
Unknown command.
You hit the very large slime creature. You burn the very large slime creature.
The very large slime creature is moderately wounded.
You feel like a meek peon again.
The very large slime creature hits you!!!
Ouch! That really hurt!
You die...

♣P~
♣♣♣♣♣...######
♣P~P♣..♣....#
P~.♣♣....### #
♣♣.~♣.....# #.#
♣~.♣♣.....#
#...##..>...###
♣.......###
♣♣##....#
♣@....#
♣~~~~DJ♣♣...#
~P~P~~~ ~...#
~~~P~~P~♣♣..#
~~~~~~~P ...#
♣~~~~P~ ♣..#
~~≈≈~~~ ...
~~≈≈≈~♣ ###


You could see a five-headed hydra and a very large slime creature.

Vanquished Creatures
  Gastronok (D:8)
  3 two-headed ogres
  Maggie (Lair:1)
  2 black mambas (Lair:1)
  An unseen horror (D:10)
  A gargoyle (D:11)
  2 cane toads (Lair:1)
  A rime drake (D:11)
  A komodo dragon (Lair:1)
  Psyche (D:8)
  2 trolls (D:12)
  A hornet (D:9)
  4 blink frogs (Lair:1)
  A slime creature (D:12)
  A shadow (D:9)
  A wyvern (D:7)
  16 yaks
  4 vampire mosquitoes
  An acid dragon (D:11)
  6 water moccasins
  A black bear (D:8)
  2 orc warriors
  3 ice beasts (D:11)
  4 sky beasts
  2 ogres
  3 wolves
  4 centaurs
  A phantom (D:6)
  A kobold brigand (D:7)
  5 scorpions
  5 bullfrogs
  A gnoll sergeant (D:10)
  6 wights
  7 killer bees
  2 howler monkeys (D:9)
  2 hounds (D:4)
  A jelly (D:8)
  A gnoll bouda (D:8)
  3 orc priests
  Jessica (D:2)
  An iguana (D:5)
  Terence (D:2)
  Natasha (thrice) (D:2)
  9 orc wizards
  8 gnolls
  7 adders
  A white imp (D:7)
  A ribbon worm (D:4)
  2 dart slugs
  31 orcs
  4 ball pythons
  9 endoplasms
  2 giant cockroaches
  11 goblins
  10 hobgoblins
  10 kobolds
  11 quokkas
  8 bats
  5 frilled lizards
  3 rats
243 creatures vanquished.

Notes
Turn   | Place    | Note
-------+----------+-------------------------------------------
     0 | D:1      | Bravepunisher the Spriggan Monk began the quest for the
                  | Orb.
     0 | D:1      | Reached XP level 1. HP: 11/11 MP: 2/2
    72 | D:1      | Reached XP level 2. HP: 13/16 MP: 3/3
   336 | D:3      | Found a faded altar of an unknown god.
   340 | D:3      | Found an ancient bone altar of Kikubaaqudgha.
   422 | D:5      | Entered Level 5 of the Dungeon
   425 | D:5      | Reached skill level 5 in Dodging
   539 | D:4      | Gained mutation: You possess an exceptional clarity of
                  | mind. [potion of mutation]
   545 | D:4      | Reached XP level 3. HP: 13/20 MP: 4/4
   632 | D:4      | You fall into a shaft and drop 2 floors!
   685 | D:6      | Noticed a wight
   687 | D:6      | Noticed a wight
   687 | D:6      | Noticed a wight
   688 | D:6      | Noticed a wight
   722 | D:7      | Noticed a bullfrog
   729 | D:7      | Noticed a bullfrog
   749 | D:7      | Found a flagged portal.
   786 | D:6      | Found Cuohysef's Distillery.
   859 | D:5      | Found Yreliyc's Tiny Tomes.
   884 | D:5      | Noticed a scorpion
  1083 | D:6      | Noticed a scorpion
  1092 | D:6      | Noticed a phantom
  1176 | D:5      | Found an iron altar of Okawaru.
  1184 | D:5      | Became a worshipper of Warmaster Okawaru
  1184 | D:5      | Reached * piety under Okawaru
  1184 | D:5      | Reached ** piety under Okawaru
  1236 | D:5      | Found a sparkling altar of Nemelex Xobeh.
  1413 | D:5      | Reached skill level 1 in Invocations
  1413 | D:5      | Reached XP level 4. HP: 19/24 MP: 4/6
  1486 | D:4      | Reached skill level 2 in Invocations
  1725 | D:1      | Found Huacagud's Antique Armour Shop.
  1804 | D:1      | Bought a runed robe for 77 gold pieces
  2186 | D:2      | Noticed Natasha
  2212 | D:2      | Killed Natasha
  2213 | D:2      | Reached skill level 3 in Invocations
  2213 | D:2      | Reached XP level 5. HP: 20/28 MP: 6/8
  2367 | D:2      | Noticed Jessica
  2373 | D:2      | Noticed Terence
  2376 | D:2      | Noticed Natasha
  2442 | D:2      | Killed Natasha
  2448 | D:2      | Killed Terence
  2449 | D:2      | Reached skill level 4 in Invocations
  2514 | D:2      | Killed Jessica
  2515 | D:2      | Reached XP level 6. HP: 32/32 MP: 10/10
  2537 | D:2      | Noticed Natasha
  2545 | D:2      | Killed Natasha
  2841 | D:3      | Reached skill level 5 in Invocations
  2884 | D:3      | Found a faded altar of an unknown god.
  3549 | D:4      | Found a staircase to the Ecumenical Temple.
  3564 | Temple   | Found a transporter.
  3564 | Temple   | Found a transporter.
  3564 | Temple   | Found a transporter.
  3564 | Temple   | Found a transporter.
  3564 | Temple   | Entered the Ecumenical Temple
  3672 | D:4      | Reached skill level 6 in Invocations
  3802 | D:4      | Found a shimmering blue altar of Sif Muna.
  4007 | D:4      | Reached XP level 7. HP: 17/36 MP: 10/12
  4590 | D:5      | Reached skill level 7 in Invocations
  4832 | D:6      | Reached skill level 8 in Invocations
  4970 | D:6      | Reached XP level 8. HP: 14/40 MP: 12/15
  4987 | D:6      | Reached skill level 9 in Invocations
  5741 | D:7      | HP: 2/40 [orc/+0 hand axe (6)]
  5843 | D:7      | Found a white marble altar of Elyvilon.
  5893 | D:7      | Reached skill level 10 in Invocations
  6260 | D:7      | Reached XP level 9. HP: 27/45 MP: 17/17
  6478 | D:7      | Found an ornate altar of the Wu Jian Council.
  6928 | D:7      | Reached skill level 11 in Invocations
  7184 | D:8      | Noticed Psyche
  7196 | D:8      | Killed Psyche
  7413 | D:8      | Found a stormy altar of Qazlal.
  7418 | D:8      | Noticed a two-headed ogre
  7429 | D:8      | Killed a two-headed ogre
  7429 | D:8      | Reached *** piety under Okawaru
  7430 | D:8      | Reached skill level 5 in Fighting
  7430 | D:8      | Reached skill level 12 in Invocations
  7430 | D:8      | Found a basalt altar of Yredelemnul.
  7565 | D:8      | Noticed Gastronok
  7581 | D:8      | Killed Gastronok
  7581 | D:8      | Reached **** piety under Okawaru
  7582 | D:8      | Reached XP level 10. HP: 21/53 MP: 20/20
  7873 | D:9      | Reached skill level 13 in Invocations
  7897 | D:9      | Noticed a two-headed ogre
  8940 | D:9      | Killed a two-headed ogre
  9372 | D:10     | Entered Level 10 of the Dungeon
  9455 | D:10     | Found Cesoc's Armour Emporium.
  9461 | D:10     | Noticed a two-headed ogre
  9476 | D:10     | Killed a two-headed ogre
  9476 | D:10     | Reached ***** piety under Okawaru
  9477 | D:10     | Reached skill level 14 in Invocations
  9592 | D:10     | Reached XP level 11. HP: 44/58 MP: 22/22
  9873 | D:10     | Found an opulent altar of Gozag.
  9900 | D:10     | Identified the +0 robe of Ugubryi {Str+5}
 10726 | D:11     | Noticed Snorg
 10933 | D:11     | Found a staircase to the Lair.
 10956 | Lair:1   | Entered Level 1 of the Lair of Beasts
 11258 | Lair:1   | Noticed Maggie
 11284 | Lair:1   | Killed Maggie
 11531 | Lair:1   | Reached skill level 15 in Invocations
 11721 | Lair:1   | Reached skill level 5 in Armour
 11774 | Lair:1   | Received a gift from Okawaru
 12166 | D:10     | Bought +2 ice dragon scales for 792 gold pieces
 12392 | Lair:2   | Noticed a catoblepas
 12456 | D:12     | Noticed a brown ugly thing
 12582 | D:12     | Noticed a five-headed hydra
 12597 | D:12     | Annihilated by a very large slime creature

Illustrated notes

Levels and vault maps discovered:
D:1:      eino_arrival_water_star, layout_loops_ring, serial_shops,
          nicolae_shop_temple_entry_statues_fountains
D:2:      layout_rooms, item_on_display_a, uniq_jessica, uniq_terence,
          uniq_natasha
D:3:      layout_basic, nicolae_overflow_ecumenical_swirl,
          ebering_ecumenical_altar_webs
D:4:      layout_basic, hellmonk_sif_muna_bookshelves,
          minmay_temple_entry_proselytizer
D:5:      layout_loops_ring, nemelex_spade_bored_becter,
          mainiacjoe_overflow_tiny_flanked, nicolae_shop_i_like_small_books_too
D:6:      layout_basic, lightli_ossuary_entry_decrepit_ruins, serial_shops,
          shop, serial_bayou_ford_a
D:7:      layout_layer_cave, lemuel_doored_altar, lemuel_round_altar,
          enter_bailey_5, solitary_fountain
D:8:      layout_loops_ring, mainiacjoe_overflow_catwalk,
          overflow_temple_1_default, uniq_gastronok, uniq_psyche
D:9:      layout_basic, minivault_1, minmay_quadrilaterals
D:10:     layout_roguey, nicolae_gozag_seed_capital, serial_shops, shop,
          kennysheep_generic_room_9
D:11:     layout_basic, hellmonk_lair_entry_icy, chequers_serial_rivers_micro_d,
          uniq_snorg
D:12:     skrybe_chaotic_catacombs, layout_basic,
          kennysheep_orc_monster_closet_entryway, serial_bayou,
          serial_bayou_lake_a, serial_bayou_crossing, serial_bayou_shore_b,
          item_on_display_a
Temple:   hellmonk_temple_divided_pantheon
Lair:1:   layout_loops_ring, grunt_megastairs_5, uniq_maggie
Lair:2:   beargit_carnivore_pack, layout_cave_pods, shoals_dummy_entry

Skill      XL: |  1  2  3  4  5  6  7  8  9 10 11 |
---------------+----------------------------------+-----
Dodging        | 5 7 |  7.8
Fighting       | 3 4 6 7 8 |  8.2
Invocations    | 1 3 4 6 8 10 12 14 15 | 15.4
Armour         | 2 5 |  5.5
Short Blades   | |  3.2

Action                     |  1- 3 |  4- 6 |  7- 9 | 10-12 || total
---------------------------+-------+-------+-------+-------++-------
  Melee: Short sword       |   108 |   225 |       |       ||   333
         Dagger            |       |   136 |    68 |       ||   204
         Scimitar          |       |       |   199 |   413 ||   612
  Throw: Throwing net      |       |       |       |     1 ||     1
 Invoke: Heroism           |       |     6 |    11 |    15 ||    32
         Finesse           |       |       |       |     2 ||     2
  Evoke: Wand              |       |       |     7 |     4 ||    11
    Use: Potion            |     1 |     3 |     2 |     1 ||     7
         Scroll            |     1 |       |       |    18 ||    19
   Stab: Sleeping          |     1 |     8 |     3 |     9 ||    21
         Distracted        |       |     3 |     1 |     3 ||     7
         Paralysed         |       |       |    13 |       ||    13
 Armour: Robe              |    39 |    78 |    86 |    70 ||   273
         Ice dragon scales |       |       |       |    37 ||    37
         Steam dragon scal |       |       |       |    30 ||    30
  Dodge: Dodged            |   177 |   311 |   234 |   433 ||  1155
  Block: Other             |       |       |    41 |    67 ||   108
         Reflection        |       |       |       |     5 ||     5

Table legend: (Time is in decaauts)
 A = Elapsed time spent in this place.
 B = Non-inter-level travel time spent in this place.
 C = Inter-level travel time spent in this place.
 D = Time resting spent in this place.
 E = Time spent auto-exploring this place.
 F = Levels seen in this place.
 G = Mean time per level.
                   A        B        C        D        E       F      G
               +--------+--------+--------+--------+--------+-----+--------+
         Total |   9209 |   8799 |    410 |    139 |   5748 |  15 |  613.9 |
       Dungeon |   8247 |   7908 |    339 |    133 |   5120 |  12 |  687.2 |
        Temple |      1 |      1 |      0 |      0 |      0 |   1 |    1.0 |
          Lair |    960 |    889 |     71 |      6 |    628 |   2 |  480.0 |
               +--------+--------+--------+--------+--------+-----+--------+

Top non-repeatable levels by time:
     D:7: 1235 daAuts
    D:10: 1230 daAuts
  Lair:1: 958 daAuts
     D:4: 905 daAuts
     D:8: 855 daAuts
     D:9: 824 daAuts
     D:6: 795 daAuts
     D:5: 571 daAuts
     D:3: 556 daAuts
     D:1: 535 daAuts
     D:2: 375 daAuts
    D:11: 256 daAuts
    D:12: 105 daAuts
  Temple: 1 daAuts
  Lair:2: 1 daAuts
